Unix NetHack Version 3.7.0-89 Work-in-progress - last build Nov 3 2023 05:48:50 (ea8ed35e81eded05176fbf39db35bf4bcaa3adb9,branch:master). Game began 2023-11-04 23:19:59, ended 2023-11-04 23:39:30. Arasaka, lawful male dwarven Caveman ----- -------- |@..| |......| |@...####################### |...[..| -.--- ###########|......|## -------|-- ## ## #-----%--#######-........| -|----------- #######%## |........| |C...%.....C| #### ### |>.......| |..^..C.....| .........| |...--.--...| ---------- |...|.{.|...| |..C|{.{|C..| |...|.{.|...| |...-----...| |.....C.....| |C.........C| ------------- Arasaka the Wanderer St:14 Dx:16 Co:20 In:11 Wi:8 Ch:7 Lawful Dlvl:7 $:0 HP:0(68) Pw:11(11) AC:4 Xp:6/595 T:4689 Hungry Latest messages: Unknown direction: 'M-i' (aborted). Done. What do you want to invoke? [*] Never mind. Please move the cursor to an unknown object. (For instructions type a '?') What do you want to zap? [mH or ?*] In what direction? The wand hits the jaguar! What do you want to zap? [mH or ?*] In what direction? The wand misses the jaguar. What do you want to zap? [mH or ?*] In what direction? The wand hits the jaguar! You kill the jaguar! You see here a jaguar corpse. There is a jaguar corpse here; eat it? [ynq] (n) This jaguar corpse is tough. You finish eating the jaguar corpse. You stop waiting. The bat bites! You kill the bat! You see here a bat corpse. Double fight prefix, canceled. You are beginning to feel hungry. You stop waiting. You descend the stairs. You remember this level as elves. The Woodland-elf thrusts his runed short sword. The Woodland-elf hits! You hit the Woodland-elf. The Woodland-elf thrusts his runed short sword. The Woodland-elf hits! You miss the Woodland-elf. The Woodland-elf thrusts his runed short sword. The Woodland-elf hits! You hit the Woodland-elf! The Woodland-elf thrusts his runed short sword. The Woodland-elf hits! You hit the Woodland-elf! The Woodland-elf thrusts his runed short sword. The Woodland-elf hits! You miss the Woodland-elf. The Woodland-elf thrusts his runed short sword. The Woodland-elf hits! You hit the Woodland-elf! The Woodland-elf thrusts his runed short sword. The Woodland-elf hits! You die... Inventory: Weapons (')') b - an uncursed +2 sling (alternate weapon; not wielded) i - an uncursed +0 orcish dagger named !C a - a blessed +1 club (weapon in hand) Armor ('[') M - an uncursed +0 elven leather helm (being worn) L - an uncursed +0 elven mithril-coat (being worn) Comestibles ('%') w - an uncursed candy bar labeled "Moon Crunchy" x - 6 uncursed food rations G - an uncursed fortune cookie B - 2 uncursed tripe rations D - an uncursed homemade tin of giant beetle meat Scrolls ('?') I - 2 uncursed scrolls of earth Rings ('=') K - an uncursed ring of polymorph control E - an uncursed ring of see invisible Wands ('/') m - an uncursed wand of digging (0:4) H - an uncursed wand of striking (0:1) Tools ('(') z - an uncursed oilskin sack containing 1 item f - an uncursed brass lantern N - an uncursed towel Gems/Stones ('*') c - 11 uncursed flint stones (in quiver pouch) Contents of the oilskin sack: 99 gold pieces Arasaka the Caveman's attributes: Background: You were a Wanderer, a level 6 dwarven Caveman. You were lawful, on a mission for Anu who was opposed by Ishtar (neutral) and Anshar (chaotic). You were in the Dungeons of Doom, on level 7. You entered the dungeon 4689 turns ago. It was nighttime. You had 595 experience points, 45 more were needed to attain level 7. Basics: You had 0 out of 68 hit points. You had all 11 energy points (spell power). Your armor class was 4. Your wallet was empty, but you had 99 zorkmids stashed away in your pack. Autopickup was on for '$"?' plus thrown, with exceptions. Final Characteristics: Your strength was 14 (peak:17, limit:18/100). Your dexterity was 16 (limit:20). Your constitution was 20 (limit:20). Your intelligence was 11 (limit:16). Your wisdom was 8 (limit:16). Your charisma was 7 (limit:16). Final Status: You were hungry. You were unencumbered. You were wielding a club. You were skilled in club. Final Attributes: You were piously aligned. You had infravision. You were guarded. You were unlucky. You are dead. Miscellaneous: You disabled loading of bones levels. Total elapsed playing time was 19 minutes and 30 seconds. Major events: Turn 1: Arasaka the lawful dwarven Caveman entered the dungeon 809: entered the Gnomish Mines 1431: attained the rank of Aborigine (level 3) 3459: entered Sokoban 3631: attained the rank of Wanderer (level 6) 4023: completed 1st Sokoban level 4689: killed by a Woodland-elf Vanquished creatures: a horse a chickatrice a jaguar a dust vortex a raven a Woodland-elf 2 rock moles a pony a shrieker a red naga hatchling a gray ooze 4 elf zombies a giant ant 2 little dogs a homunculus 3 rothes 2 giant bats an iguana 12 manes a giant rat a gnome a garter snake 4 geckos 3 jackals a fox a kobold 2 goblins a sewer rat 8 grid bugs a bat 3 lichens a kobold zombie 6 newts 72 creatures vanquished. No species were genocided or became extinct. Voluntary challenges: You read items or engraved 5 times. You engraved Elbereth 2 times. You never genocided any monsters. You never polymorphed an object. You never changed form. You used no wishes. You violated the special Sokoban rules twice. Achievements: You entered the Gnomish Mines. You entered a shop. You attained the rank of Aborigine. You entered Sokoban. You attained the rank of Wanderer. The Dungeons of Doom: levels 1 to 9 Level 1: "v" A grave. Level 2: Stairs down to The Gnomish Mines. Level 3: "silver dagger, cape" An armor shop, a fountain, a grave. Level 4: "v, elven mc, boots, mimics!" An armor shop, a sink. Level 5: Level 6: "s" Level 7: "elves" <- You were here. Many fountains. Final resting place for you, killed by a Woodland-elf. Level 8: "v" A fountain, some sinks, a grave. Stairs up to Sokoban, level 7. Level 9: The Gnomish Mines: Level 3: "mind flayer" Sokoban: levels 7 up to 6 Level 6: "cockatrice" Unsolved. Level 7: Solved. Game over: ---------- / \ / REST \ / IN \ / PEACE \ / \ | Arasaka | | 99 Au | | killed by a | | Woodland-elf | | | | | | 2023 | *| * * * | * _________)/\\_//(\/(/\)/\//\/|_)_______ Goodbye Arasaka the Caveman... You died in The Dungeons of Doom on dungeon level 7 with 2890 points, and 99 pieces of gold, after 4689 moves. You were level 6 with a maximum of 68 hit points when you died.